 Dungeon Crawl Stone Soup version 0.20.0-15-g7f486f2 (webtiles) character file.

4395 septik the Severer (level 10, -10/121 HPs)
             Began as a Minotaur Berserker on June 11, 2017.
             Was a High Priest of Trog.
             Mangled by a two-headed ogre
             ... wielding a +0 giant spiked club
              (23 damage)
             ... on level 9 of the Dungeon.
             The game lasted 00:16:03 (6865 turns).

septik the Severer (Minotaur Berserker)             Turns: 6865, Time: 00:16:04

Health: -10/121    AC: 10    Str: 30    XL:     10   Next: 13%
Magic:  9/9        EV:  9    Int:  4    God:    Trog [*****.]
Gold:   477        SH:  0    Dex:  7    Spells: 9/9 levels left

rFire    . . .     SeeInvis .   G - +0 battleaxe
rCold    . . .     Gourm    .   (shield currently unavailable)
rNeg     . . .     Faith    .   x - +0 chain mail
rPois    .         Spirit   .   (helmet restricted)
rElec    .         Reflect  .   w - +0 cloak
rCorr    .         Harm     .   (no gloves)
MR       +....                  (no boots)
Stlth    ..........             k - amulet of regeneration
Regen    0.7/turn               P - ring of protection from magic
MPRegen  0.2/turn               e - -3 ring of dexterity (curse)

@: berserking, very quick
A: retaliatory headbutt, horns 2
a: Berserk, Trog's Hand, Brothers in Arms, Burn Spellbooks, Renounce Religion


You were on level 9 of the Dungeon.
You worshipped Trog.
Trog was extremely pleased with you.
You were near starving.

You visited 1 branch of the dungeon, and saw 9 of its levels.
You also visited: Ossuary.

You collected 477 gold pieces.

Inventory:

Hand Weapons
 a - a +1 hand axe
 v - a +0 war axe
 G - a +0 battleaxe (weapon)
Armour
 b - a +0 animal skin
 p - a +0 scale mail
 w - a +0 cloak (worn)
 x - a +0 chain mail (worn)
Jewellery
 e - a cursed -3 ring of dexterity (right hand)
 k - an amulet of regeneration (around neck)
 P - a ring of protection from magic (left hand)
 Q - an uncursed ring of fire {unknown}
 S - an uncursed ring of positive energy {unknown}
 U - a cursed amulet of inaccuracy {unknown}
Wands
 y - a wand of digging (14/24)
 J - a wand of flame (30/48)
 K - a wand of random effects (33/48)
 M - a wand of polymorph (10/24)
 O - a wand of flame (22/48)
 T - a wand of confusion (28/48)
Scrolls
 d - 11 scrolls of identify
 g - 6 scrolls of teleportation
 l - 2 scrolls of remove curse
 n - 3 scrolls of recharging
 q - a scroll of blinking {unknown}
 r - 2 scrolls of immolation {unknown}
 s - a scroll of noise {unknown}
 t - 2 scrolls of magic mapping {unknown}
 A - a scroll of fear {unknown}
 B - 3 scrolls of enchant armour {unknown}
 E - a scroll of fog {unknown}
 L - 4 scrolls of amnesia {unknown}
 N - 2 scrolls of enchant weapon
Potions
 f - 2 potions of heal wounds
 h - 4 potions of curing {unknown}
 j - a potion of might {unknown}
 m - a potion of brilliance {unknown}
 o - a potion of invisibility {unknown}
 z - a potion of haste
 C - 2 potions of magic {unknown}
 D - a potion of berserk rage {unknown}
 F - a potion of lignification {unknown}
 H - a potion of flight {unknown}
 I - a potion of cancellation {unknown}
 V - a potion of agility {unknown}
Comestibles
 c - 9 bread rations
 i - 5 meat rations
 u - 2 royal jellies


   Skills:
 - Level 5.2 Fighting
 + Level 16.1 Axes
 - Level 3.0 Armour
 - Level 3.0 Dodging
 - Level 0.8 Stealth


You had 9 spell levels left.
You didn't know any spells.

Dungeon Overview and Level Annotations

Branches:
Dungeon (9/15)             Temple (0/1) D:7
   Lair: D:8-11         Orc: D:9-12

Altars:
Makhleb
Trog

Shops:
D:6 %%


Innate Abilities, Weirdness & Mutations

You reflexively headbutt those who attack you in melee.
You have a pair of horns on your head.


Message History

The two-headed ogre barely misses you.
The two-headed ogre completely misses you.
You climb downwards.
There is a stone staircase leading up here.
A hungry ghost comes into view.
The hungry ghost hits you.
You are feeling hungry.
You hit the two-headed ogre but do no damage.
Your headbutt misses the two-headed ogre.
The two-headed ogre is heavily wounded.
You miss the hungry ghost. The two-headed ogre barely misses you.
You furiously retaliate!
You headbutt the two-headed ogre!
The two-headed ogre hits you with a giant club!
* * * LOW HITPOINT WARNING * * *
A red film seems to cover your vision as you go berserk!
You feel yourself moving faster!
You feel mighty!
You are near starving!
The hungry ghost hits you.
You feel quite a bit more hungry.
The two-headed ogre hits you with a giant spiked club!!
You die...

.. ..
#. #.
# #.
#.#.##
#...<#
####O#
#.W@.#
#.####
#


You could see a two-headed ogre and a hungry ghost.

Vanquished Creatures
  A two-headed ogre (D:8)
  A hippogriff (D:8)
  Sigmund (D:5)
  Edmund (D:5)
  2 sky beasts
  2 ogres
  2 orc warriors
  A phantom (D:6)
  3 centaurs
  The ghost of Vajrapani the Sneak, an amateur OpEE (D:3)
  4 elf zombies (Ossuary)
  Blork the orc (D:5)
  5 scorpions
  10 killer bees (D:7)
  3 howler monkeys
  5 centaur zombies
  3 crimson imps
  Crazy Yiuf (D:6)
  A jelly (D:8)
  7 orc wizards
  2 orc priests
  2 hounds
  4 iguanas
  Natasha (thrice) (D:2)
  3 worker ants
  3 hound zombies
  2 hound skeletons
  3 mummies (Ossuary)
  3 gnolls (D:5)
  7 adders
  A shadow imp (D:7)
  4 oozes
  5 adder zombies (Ossuary)
  A worm (D:3)
  A dart slug (D:4)
  4 leopard geckos
  18 orcs
  7 bats
  5 giant cockroaches
  4 gnoll zombies (Ossuary)
  14 goblins
  8 hobgoblins
  6 kobolds
  2 quokkas
  5 frilled lizards
  2 goblin zombies (Ossuary)
  3 hobgoblin zombies (Ossuary)
  6 jackal zombies
  A kobold zombie (Ossuary)
  5 quokka zombies (Ossuary)
  3 rats
  3 rat zombies (Ossuary)
195 creatures vanquished.

Notes
Turn   | Place    | Note
-------+----------+-------------------------------------------
     0 | D:1      | septik the Minotaur Berserker began the quest for the Orb.
     0 | D:1      | Reached XP level 1. HP: 19/19 MP: 0/0
   225 | D:1      | Reached XP level 2. HP: 22/27 MP: 1/1
   364 | D:1      | Reached skill level 4 in Axes
   896 | D:1      | Reached XP level 3. HP: 32/33 MP: 2/2
  1265 | D:2      | Noticed Natasha
  1273 | D:2      | Killed Natasha
  1273 | D:2      | Reached ** piety under Trog
  1273 | D:2      | Reached XP level 4. HP: 41/41 MP: 3/3
  1310 | D:2      | Noticed Natasha
  1315 | D:2      | Killed Natasha
  1361 | D:2      | Noticed Natasha
  1365 | D:2      | Killed Natasha
  1365 | D:2      | Reached skill level 5 in Axes
  1430 | D:2      | Reached skill level 5 in Fighting
  1582 | D:3      | Noticed Vajrapani's ghost (amateur OpEE)
  1591 | D:3      | Killed Vajrapani's ghost
  1591 | D:3      | Reached XP level 5. HP: 48/48 MP: 4/4
  2308 | D:4      | Reached skill level 6 in Axes
  2338 | D:4      | Found a sand-covered staircase.
  2343 | Ossuary  | Entered an ossuary
  2361 | Ossuary  | Reached XP level 6. HP: 53/56 MP: 5/5
  2394 | Ossuary  | Reached skill level 7 in Axes
  2395 | Ossuary  | Reached *** piety under Trog
  2481 | Ossuary  | Reached skill level 8 in Axes
  2481 | Ossuary  | Reached XP level 7. HP: 61/61 MP: 6/6
  2579 | Ossuary  | Reached skill level 9 in Axes
  2707 | D:4      | Reached **** piety under Trog
  3121 | D:4      | Reached skill level 10 in Axes
  3521 | D:5      | Entered Level 5 of the Dungeon
  3521 | D:5      | Noticed Sigmund
  3533 | D:5      | Killed Sigmund
  3533 | D:5      | Reached XP level 8. HP: 62/68 MP: 7/7
  3606 | D:5      | Reached skill level 11 in Axes
  3884 | D:5      | Noticed Edmund
  3896 | D:5      | Killed Edmund
  4005 | D:5      | Reached skill level 12 in Axes
  4127 | D:5      | Noticed Blork the orc
  4134 | D:5      | Killed Blork the orc
  4676 | D:6      | Reached skill level 13 in Axes
  4676 | D:6      | Reached XP level 9. HP: 57/74 MP: 8/8
  4879 | D:6      | Found Zapsitsa's Food Shoppe.
  4948 | D:6      | Found Wugudana's Food Shop.
  5125 | D:6      | Found a bloodstained altar of Trog.
  5175 | D:6      | Received a gift from Trog
  5266 | D:6      | Found a burning altar of Makhleb.
  5461 | D:6      | Found a runed door.
  5487 | D:6      | Noticed Crazy Yiuf
  5491 | D:6      | Killed Crazy Yiuf
  5760 | D:7      | Reached skill level 14 in Axes
  6314 | D:7      | Found a staircase to the Ecumenical Temple.
  6442 | D:8      | Reached skill level 15 in Axes
  6527 | D:8      | Reached ***** piety under Trog
  6618 | D:8      | Noticed a two-headed ogre
  6733 | D:8      | Killed a two-headed ogre
  6733 | D:8      | Reached skill level 16 in Axes
  6733 | D:8      | Reached XP level 10. HP: 46/81 MP: 9/9
  6845 | D:8      | Noticed a two-headed ogre
  6865 | D:9      | Mangled by a two-headed ogre

Skill      XL: |  1  2  3  4  5  6  7  8  9 |
---------------+----------------------------+-----
Fighting       | 4 5 |  5.2
Axes           | 4 5 6 8 10 13 16 | 16.1
Armour         | 3 |  3.0
Dodging        | 3 |  3.0
Stealth        | |  0.8

Action                   |  1- 3 |  4- 6 |  7- 9 | 10-12 || total
-------------------------+-------+-------+-------+-------++-------
Melee: Hand axe          |    60 |   123 |    76 |       ||   259
       Headbutt          |    11 |    31 |    54 |     2 ||    98
       War axe           |       |       |   236 |       ||   236
       Battleaxe         |       |       |    62 |     3 ||    65
Invok: Berserk           |     1 |     1 |     3 |     1 ||     6
       Trog's Hand       |       |       |     3 |       ||     3
  Use: Scroll            |       |     5 |       |       ||     5
 Stab: Sleeping          |       |     3 |       |       ||     3
  Eat: Chunk             |     1 |     6 |    17 |     1 ||    25
Armor: Animal skin       |     5 |     7 |       |       ||    12
       Scale mail        |       |    30 |    23 |       ||    53
       Chain mail        |       |       |   117 |     3 ||   120
Dodge: Dodged            |    40 |    68 |   151 |     6 ||   265
